 Dungeon Crawl Stone Soup version 0.30.1-4-g462c640d31 (webtiles) character file.

Game seed: 13661661377291601494

274 wingedge the Digger (level 5, 0/38 HPs)
             Began as a Demigod Earth Elementalist on Sept 18, 2023.
             Slain by an orc priest
             ... wielding a +0 falchion
              (3 damage)
             ... on level 4 of the Dungeon.
             The game lasted 00:08:13 (3770 turns).

wingedge the Digger (Demigod Earth Elementalist)    Turns: 3770, Time: 00:08:14

Health: 0/38       AC:  4    Str:  9    XL:     5   Next: 72%
Magic:  2/10       EV: 12    Int: 21    God:
Gold:   196        SH:  0    Dex: 14    Spells: 4/8 levels left

rFire   . . .        q - +0 flail
rCold   . . .        (no shield)
rNeg    . . .        a - +0 robe
rPois   .            (no helmet)
rElec   .            (no cloak)
rCorr   .            u - +0 pair of gloves
SInv    .            m - +0 pair of boots
Will    .....        (no amulet)
Stlth   ++           (no ring)
HPRegen 0.26/turn    (no ring)
MPRegen 0.12/turn

%: no passive effects
@: no status effects
A: high MP 1, forlorn, divine attributes
a: no special abilities


You were on level 4 of the Dungeon.
You visited 1 branch of the dungeon, and saw 4 of its levels.

You collected 196 gold pieces.

Inventory:

Hand Weapons
 i - a +0 club
 k - a +0 dagger
 q - a +0 flail (weapon)
Missiles
 d - 6 poisoned darts
 l - 7 boomerangs
Armour
 a - a +0 robe (worn)
 m - a +0 pair of boots (worn)
 u - a +0 pair of gloves (worn)
Jewellery
 y - a ring of wizardry
Wands
 o - a wand of roots (5)
 s - a wand of paralysis (5) (quivered)
Scrolls
 e - a scroll of noise {unknown}
 g - 2 scrolls of teleportation
 h - 2 scrolls of blinking {unknown}
 j - 3 scrolls of identify
 n - a scroll of vulnerability {unknown}
 t - a scroll of magic mapping {unknown}
 v - a scroll of enchant weapon {unknown}
 w - a scroll of silence {unknown}
Potions
 b - a potion of magic
 c - 2 potions of heal wounds {unknown}
 f - 3 potions of lignification
 p - a potion of might {unknown}
 r - a potion of ambrosia {unknown}
 x - a potion of mutation {unknown}


   Skills:
 - Level 1.7 Dodging
 - Level 1.7 Stealth
 - Level 2.0 Spellcasting
 + Level 4.1 Conjurations
 - Level 0.8 Transmutations
 + Level 4.2 Earth Magic


You had 4 spell levels left.
You knew the following spells:

 Your Spells              Type           Power      Damage    Failure   Level
a - Sandblast             Erth           38%        2d10      2%          1
b - Stone Arrow           Conj/Erth      38%        3d9       8%          3

Your spell library contained the following spells:

 Spells                   Type           Power      Damage    Failure   Level
 Passwall                 Tmut/Erth      10%        N/A       8%          2
 Petrify                  Tmut/Erth      12%        N/A       45%         4


Dungeon Overview and Level Annotations

Branches:
Dungeon (4/15)
 Temple: D:4-7

Annotations:
D:2 Natasha


Innate Abilities, Weirdness & Mutations

You have an increased reservoir of magic. (+10% MP)
You shall have no god before yourself.
Your divine heritage dramatically boosts your attributes as you level up.


Message History

The blast of sand hits the orc priest but does no damage.
The orc priest hits you with a +0 falchion.
The orc priest looks encouraged for a moment.
You hit the orc priest.
The orc priest is lightly wounded.
The orc priest looks encouraged for a moment.
You hit the orc priest.
The orc priest is moderately wounded.
The orc priest hits you with a +0 falchion.
You hit the orc priest.
The orc priest is moderately wounded.
The orc priest hits you with a +0 falchion.
The orc priest calls down the wrath of Beogh upon you.
Beogh smites you!
* * * LOW HITPOINT WARNING * * *
Aiming: Paralyse
Press: ? - help, Q - select action, (/) - cycle Shift-Dir - straight line, f/p - orc priest
Aim: an orc priest, wielding a +0 falchion and wearing a +0 chain mail (moderately wounded, chance to affect: 49%)
The orc priest suddenly stops moving!
The helpless orc priest fails to defend itself.
You hit the orc priest.
The orc priest is heavily wounded.
The helpless orc priest fails to defend itself.
You hit the orc priest but do no damage.
The orc priest is heavily wounded.
The helpless orc priest fails to defend itself.
You hit the orc priest but do no damage.
The orc priest is heavily wounded.
The helpless orc priest fails to defend itself.
You hit the orc priest.
The orc priest is almost dead.
The helpless orc priest fails to defend itself.
You hit the orc priest but do no damage.
The orc priest is almost dead.
The orc priest is no longer paralysed.
The orc priest mumbles some strange prayers to Beogh against you.
Beogh smites you!
* * * LOW HITPOINT WARNING * * *
The orc priest hits you with a +0 falchion.
You die...

....#. ..o...###
........###
...o....).# ##
........#)# ###...
........#o###....#
........#.@...#
o.....).)...###
........##....######
.........####†.....#
##.......#
######.#####
#..##.... #.....##
.... .....#
#####..### ##.
.#..... ####.....
#.....#...###
..#.....


You could see an orc priest.

Vanquished Creatures
  A jelly (D:3)
  Natasha (D:2)
  An iguana (D:4)
  An orc wizard (D:3)
  3 gnolls (D:3)
  5 adders
  A worm (D:2)
  2 dart slugs
  5 orcs
  6 ball pythons
  6 bats
  10 endoplasms
  2 giant cockroaches (D:1)
  7 goblins
  14 hobgoblins
  4 kobolds
  3 quokkas
  5 frilled lizards
  9 rats
86 creatures vanquished.

Notes
Turn   | Place    | Note
-------+----------+-------------------------------------------
     0 | D:1      | wingedge the Demigod Earth Elementalist began the quest for
                  | the Orb.
     0 | D:1      | Reached XP level 1. HP: 14/14 MP: 5/5
   198 | D:1      | Reached XP level 2. HP: 17/20 MP: 2/7
   668 | D:1      | Reached XP level 3. HP: 26/26 MP: 6/8
   672 | D:1      | Learned a level 3 spell: Stone Arrow
  1124 | D:2      | Reached skill level 1 in Conjurations
  1588 | D:2      | Noticed Natasha
  1595 | D:2      | Killed Natasha
  1596 | D:2      | Reached XP level 4. HP: 33/33 MP: 2/9
  2124 | D:2      | Noticed Natasha
  2898 | D:3      | Reached XP level 5. HP: 38/38 MP: 8/10
  3770 | D:4      | Slain by an orc priest

Illustrated notes

Levels and vault maps discovered:
D:1:      scummos_arrival_hexagon, layout_rooms
D:2:      layout_loops_ring, dreamdust_ecumenical_altar_angels_and_demons,
          serial_bayou, serial_bayou_pond_c, serial_bayou_lagoon_a,
          serial_bayou_pond_d, serial_bayou_pond_d, serial_bayou_shore_b,
          minmay_domino_2, uniq_natasha
D:3:      layout_loops_cross, wad_floor_pattern_untrapped
D:4:      layout_rooms, minmay_goblin_outpost

Skill      XL: |  1  2  3  4  5 |
---------------+----------------+-----
Spellcasting   | 2 |  2.0
Earth Magic    | 3 4 |  4.2
Conjurations   | 2 3 4 |  4.1
Dodging        | |  1.7
Stealth        | |  1.7
Transmutations | |  0.8

Action                     |  1- 3 |  4- 6 || total
---------------------------+-------+-------++-------
  Melee: Flail             |     1 |    19 ||    20
   Cast: Sandblast         |    73 |    43 ||   116
         Stone Arrow       |     1 |     9 ||    10
  Evoke: Wand              |     1 |     3 ||     4
    Use: Scroll            |       |     1 ||     1
         Potion            |       |     1 ||     1
   Stab: Paralysed         |       |     8 ||     8
 Armour: Robe              |     1 |     7 ||     8
         Skin              |       |     9 ||     9
  Dodge: Dodged            |     9 |    25 ||    34
